 Dungeon Crawl Stone Soup version 0.28.0-47-ge53b351184 (webtiles) character file.

Game seed: 10965747998818812532

47 Exodus22XD the Covered (level 3, 33/33 HPs)
             Began as a Minotaur Fighter on May 8, 2022.
             Was a Follower of Yredelemnul.
             Quit the game on level 1 of the Dungeon.
             The game lasted 00:01:26 (1012 turns).

Exodus22XD the Covered (Minotaur Fighter)           Turns: 1012, Time: 00:01:26

Health: 33/33      AC:  9    Str: 22    XL:     3   Next: 48%
Magic:  2/2        EV:  7    Int:  5    God:    Yredelemnul [*.....]
Gold:   26         SH:  4    Dex:  9    Spells: 2/2 levels left

rFire   . . .      SeeInvis .   a - +0 war axe
rCold   . . .      Faith    .   c - +0 buckler
rNeg    . . .      Spirit   .   e - +0 chain mail
rPois   .          Reflect  .   (helmet restricted)
rElec   .          Harm     .   (no cloak)
rCorr   .          Rampage  .   (no gloves)
Will    .....                   (no boots)
Stlth   ..........              (no amulet)
HPRegen 0.11/turn               (no ring)
MPRegen 0.08/turn               (no ring)

@: no status effects
A: horns 2, retaliatory headbutt
a: Renounce Religion, Recall Undead Harvest


You were on level 1 of the Dungeon.
You worshipped Yredelemnul.
Yredelemnul was noncommittal.
You visited 1 branch of the dungeon, and saw 1 of its levels.

You collected 26 gold pieces.

Inventory:

Hand Weapons
 a - a +0 war axe (weapon)
Armour
 c - a +0 buckler (worn)
 e - a +0 chain mail (worn)
Scrolls
 f - a scroll of vulnerability {unknown}
 h - 2 scrolls of teleportation {unknown}
Potions
 b - a potion of curing {unknown}
 d - a potion of might
 g - a potion of mutation {unknown}


   Skills:
 + Level 4.1 Fighting
 + Level 3.2 Axes
 + Level 4.2 Armour
 + Level 4.1 Shields


You had 2 spell levels left.
You didn't know any spells.
Your spell library contained the following spells:

 Spells                   Type           Power      Damage    Failure   Level
 Freezing Cloud           Conj/Ice/Air   0%         6-21      100%        5
 Simulacrum               Ice/Necr       0%         N/A       100%        6
 Polar Vortex             Ice            0%         N/A       100%        9


Dungeon Overview and Level Annotations

Branches:
Dungeon (1/15)

Altars:
Yredelemnul


Innate Abilities, Weirdness & Mutations

You have a pair of horns on your head.
You reflexively headbutt those who attack you in melee.


Message History

The hobgoblin hits you.
A hobgoblin is nearby!
You slash the hobgoblin!
You kill the hobgoblin!
You see here a hobgoblin corpse.
h - 2 scrolls labelled GIF BITUFAMP (gained 1)
A ball python comes into view.
A ball python is nearby!
You slash the ball python!
You kill the ball python!
Found a faded altar of an unknown god.
No target in view!
There is a stone staircase leading down here.
A bat comes into view.
The bat barely misses you.
A bat is nearby!
You barely miss the bat. The bat hits you but does no damage.
The bat barely misses you.
A bat is nearby!
You closely miss the bat. The bat closely misses you. You furiously retaliate!
You headbutt the bat!
You kill the bat!
A kobold comes into view.
It is wielding a +2 short sword of venom.
Found a scroll labelled ARAFYRA GERE.
The kobold shouts!
You barely miss the kobold. The kobold hits you but does no damage.
The kobold hits you with a +2 short sword of venom.
You hit the kobold.
You kill the kobold!
No target in view!
No target in view!
Search for what [? for help]? god
There is a faded altar of an unknown god here.
You cannot tell which god this altar belongs to.
Convert to them anyway?
Yredelemnul accepts your prayer! Yredelemnul welcomes you!
You can now reap souls.
You can now recall your undead harvest.
Unknown command.
Press < or > to pray at altars.
Are you sure you want to abandon this character and quit the game? (Confirm with "yes".)

##........# #........)
#.........###.#...##..
##>....).)...........#
##...###.........)...
##.## ########.##.##
##..### #.##.##
#.....# #.##.##
#.♣.♣.# #.##.##
#..@.Z########.##.##
#.♣.♣........#.##.##
#.ZZZ..#####.#......
##.....# #.####.##
####### #......##
########


You could see a friendly bat zombie, a friendly ball python zombie, a friendly
quokka zombie and a friendly giant cockroach zombie.

Vanquished Creatures
  2 dart slugs (D:1)
  4 bats (D:1)
  3 endoplasms (D:1)
  2 giant cockroaches (D:1)
  5 hobgoblins (D:1)
  2 jackals (D:1)
  7 kobolds (D:1)
  A quokka (D:1)
  6 ball pythons (D:1)
  5 frilled lizards (D:1)
  3 goblins (D:1)
  A rat (D:1)
41 creatures vanquished.

Notes
Turn   | Place    | Note
-------+----------+-------------------------------------------
     0 | D:1      | Exodus22XD the Minotaur Fighter began the quest for the
                  | Orb.
     0 | D:1      | Reached XP level 1. HP: 19/19 MP: 0/0
   143 | D:1      | Reached XP level 2. HP: 27/27 MP: 1/1
   562 | D:1      | Reached XP level 3. HP: 33/33 MP: 2/2
   947 | D:1      | Found a faded altar of an unknown god.
  1011 | D:1      | Prayed at the altar of an unknown god.
  1011 | D:1      | Became a worshipper of Yredelemnul the Dark
  1011 | D:1      | Reached * piety under Yredelemnul
  1012 | D:1      | Quit the game

Illustrated notes

Levels and vault maps discovered:
D:1:      nicolae_arrival_somewhat_less_tricky_arrival, layout_loops_ring,
          chequers_ecumenical_altar_simple, amcnicky_mini_rare_corridor_liquid,
          minmay_close_crescents

Skill      XL: |  1  2  3 |
---------------+----------+-----
Armour         | 4 |  4.2
Fighting       | 4 |  4.1
Axes           | 3 |  3.2
Shields        | 4 |  4.1

Action                   || total
-------------------------++-------
Melee: War axe           ||    77
       Headbutt          ||     9
Armor: Chain mail        ||    39
Dodge: Dodged            ||    26
Block: Buckler           ||    17
